 Dungeon Crawl Stone Soup version 0.19-a0-1384-gbb462ca (webtiles) character file.

4575 Amnesiac the Thrower (level 10, 0/100 HPs)
             Began as an Ogre Hunter on Sept 4, 2016.
             Was a Priest of Okawaru.
             Slain by a killer bee (4 damage)
             ... on level 8 of the Dungeon.
             The game lasted 00:23:27 (10002 turns).

Amnesiac the Thrower (Ogre Hunter)                 Turns: 10002, Time: 00:23:27

Health: 0/100      AC:  7    Str: 18 (21) XL:     10   Next: 41%
Magic:  8/9        EV: 12    Int:  9 (10) God:    Okawaru [***...]
Gold:   323        SH:  0    Dex: 10 (11) Spells: 0 memorised, 9 levels left

rFire  + . .     SeeInvis .     T - +3 dagger (venom)
rCold  . . .     Gourm    .     b - +1 robe
rNeg   . . .     Faith    .     (no shield)
rPois  .         Spirit   .     (helmet restricted)
rElec  .         Dismiss  +     K - +2 cloak {+Inv}
rCorr  .         Reflect  .     (gloves unavailable)
MR     +....     Harm     .     (boots unavailable)
Stlth  +.........               I - amulet of dismissal
                                Q - ring of protection from fire
                                (no ring)

@: lethally poisoned (0 -> -13), about to teleport
A: unfitting armour, repulsion field 1, clumsy 1, low mp 1, strong 1, tough skin
1
a: Heroism, Renounce Religion, Evoke Invisibility


You were on level 8 of the Dungeon.
You worshipped Okawaru.
Okawaru was most pleased with you.
You were near starving.

You visited 2 branches of the dungeon, and saw 9 of its levels.
You also visited: Sewer.

You collected 323 gold pieces.

Inventory:

Hand Weapons
 d - a +3 quarterstaff of chaos
 q - a +0 giant spiked club
 D - a +0 dagger of speed
 T - a +3 dagger of venom (weapon)
Missiles
 h - 162 stones (quivered)
 j - 4 javelins of penetration
 u - 4 large rocks
 H - 5 tomahawks
 P - a throwing net
Armour
 b - a +1 robe (worn)
 K - a +2 cloak of invisibility (worn)
Jewellery
 e - an uncursed amulet of magic regeneration
 i - an uncursed ring of magical power
 I - an amulet of dismissal (around neck)
 M - an uncursed amulet of guardian spirit
 Q - a ring of protection from fire (right hand)
Wands
 r - a wand of confusion (28/48)
 N - a wand of iceblast (6/15)
 U - a wand of teleportation (3/9)
Scrolls
 a - a scroll of recharging
 s - 5 scrolls of remove curse
 y - 2 scrolls of random uselessness
 E - 2 scrolls of enchant weapon
 G - 2 scrolls of identify
Potions
 l - a potion of flight
 m - a potion of degeneration
 z - a potion of brilliance
 J - a potion of cancellation
Books
 c - a book of Enchantments

   Spells                             Type                      Level
   a - Cause Fear                     Hexes                        4
   b - Yara's Violent Unravelling     Hexes/Transmutation          5
   c - Silence                        Hexes/Air                    5
   d - Deflect Missiles               Charms/Air                   6
   e - Haste                          Charms                       6
   f - Discord                        Hexes                        8
 t - a book of Frost

   Spells                             Type                      Level
   a - Freeze                         Ice                          1
   b - Throw Frost                    Conjuration/Ice              2
   c - Ozocubu's Armour               Charms/Ice                   3
   d - Throw Icicle                   Conjuration/Ice              4
   e - Summon Ice Beast               Ice/Summoning                4
Comestibles
 f - 3 bread rations
 g - 3 slices of pizza
 n - a royal jelly
 p - 2 beef jerkies
 x - 6 meat rations
 B - 4 fruits


   Skills:
 + Level 6.9 Fighting
 - Level 14.0 Throwing
 - Level 1.7 Dodging
 - Level 0.7 Stealth


You had 9 spell levels left.
You didn't know any spells.

Dungeon Overview and Level Annotations

Branches:
Dungeon (8/15)             Temple (1/1) D:5
   Lair: D:8-11

Altars:
Cheibriados
Fedhas
Kikubaaqudgha
Okawaru
Sif Muna
Trog
Uskayaw
Vehumet
Yredelemnul


Innate Abilities, Weirdness & Mutations

You are too large for most types of armour.
You have tough skin. (AC +1)
You are surrounded by a mild repulsion field. (EV +2)
You are clumsy. (Dex -2)
Your magical capacity is low. (-10% MP)
Your muscles are strong. (Str +2)


Message History

You feel sick.
Unknown command.
Okay, then.
Okay, then.
* * * LOW HITPOINT WARNING * * *
You feel sick.
Evoke which item? (* to show all) (? for menu, Esc to quit)
Zapping:
U - a wand of teleportation (4/9)
Press: ? - help, Shift-Dir - straight line, f - you You feel strangely unstable.
This wand has 3 charges left.
The killer bee buzzes angrily. x2
You feel like a meek peon again.
* * * LOW HITPOINT WARNING * * *
You feel sick.
You hear an angry buzzing noise. x3
* * * LOW HITPOINT WARNING * * *
You feel sick.
The killer bee stings you but does no damage.
The killer bee stings you.
You die...

**,.♣.#***,****,**♣.####y#
*,*y≈.#,*,*,*,#♣♣*#....yy#
**♣≈≈♣#,,***,,#..♣######y#
#♣♣.≈≈≈##*,*,*##≈♣.* #y#
*.....≈.##,*,##≈≈≈♣* #.#
#S.♣.♣.≈≈***##≈≈≈≈* #y#####
†♣..♣..♣≈≈*##.≈≈≈♣♣ #y(y%.#
..♣♣..♣.♣≈≈#...≈..♣ #####.#
#......♣,,♣.♣.♣y@.♣ ##.###
###...♣..♣*♣...yy.♣ #######....#
♣♣......(..♣♣♣.♣# #y.yyy......
*.♣...♣.♣(..♣..♣#♣##.#####y....
***.,♣.♣.♣.,♣(((..........)y.....
*,..,,♣.♣♣...♣♣♣♣....#<####......
*,.♣,**.♣*,,***,♣(####.# ##.....
*.#,,*,♣♣**,,*,*♣## #.# #.....
*,*,*,,****,**,* #.# #.#...


You could see 3 killer bees.

Vanquished Creatures
  The ghost of Amnesiac the Thrower, a novice OgHu of Okawaru (D:6)
  A hippogriff (D:7)
  A hungry ghost (D:8)
  A sky beast (D:4)
  A black bear (D:4)
  2 orc warriors (D:6)
  3 ice beasts
  6 ogres
  A centaur (D:5)
  A big kobold (D:7)
  4 giant frogs
  2 scorpions
  A water moccasin skeleton (D:5)
  20 killer bees (D:8)
  2 crimson imps
  Crazy Yiuf (D:2)
  A giant frog zombie (D:7)
  4 hounds
  2 jellies
  3 orc priests
  3 orc wizards
  3 giant frog skeletons
  An iguana (D:4)
  Terence (D:2)
  3 worker ants
  A hound zombie (D:5)
  A hound skeleton (D:4)
  14 adders
  3 shadow imps
  10 oozes
  An adder zombie (D:6)
  An adder skeleton (D:6)
  7 worms
  2 dart slugs
  13 giant geckos
  18 orcs
  8 bats
  20 giant cockroaches
  5 goblins
  10 hobgoblins
  6 quokkas
  16 ball pythons
  A giant gecko skeleton (D:8)
  16 giant newts
  18 kobolds
  9 rats
  A spectral orc (D:3)
250 creatures vanquished.

Vanquished Creatures (others)
  A wasp (D:8)
  A water moccasin skeleton (D:6)
2 creatures vanquished.

Grand Total: 252 creatures vanquished

Notes
Turn   | Place    | Note
-------+----------+-------------------------------------------
     0 | D:1      | Amnesiac the Ogre Hunter began the quest for the Orb.
     0 | D:1      | Reached XP level 1. HP: 22/22 MP: 1/1
   309 | D:2      | Reached XP level 2. HP: 26/31 MP: 2/2
   597 | D:3      | Found an ancient bone altar of Kikubaaqudgha.
  1037 | D:3      | Reached XP level 3. HP: 34/37 MP: 3/3
  1157 | D:4      | Reached skill level 5 in Throwing
  1341 | D:4      | Noticed an ogre
  1344 | D:4      | Killed an ogre
  1344 | D:4      | Reached skill level 6 in Throwing
  1344 | D:4      | Reached XP level 4. HP: 42/45 MP: 4/4
  1344 | D:4      | Reached XP level 5. HP: 50/53 MP: 5/5
  1559 | D:4      | Noticed a black bear
  1566 | D:4      | Killed a black bear
  1566 | D:4      | Reached skill level 7 in Throwing
  1566 | D:4      | Reached XP level 6. HP: 61/61 MP: 6/6
  2076 | D:4      | Noticed a sky beast
  2124 | D:4      | Killed a sky beast
  2132 | D:4      | Gained mutation: Your magical capacity is low. (-10% MP) [mutagenic meat]
  2135 | D:4      | Gained mutation: You are surrounded by a mild repulsion field. (EV +2) [mutagenic meat]
  2138 | D:4      | Gained mutation: You are clumsy. (Dex -2) [mutagenic meat]
  2141 | D:4      | Gained mutation: Your muscles are strong. (Str +2) [mutagenic meat]
  2174 | D:4      | Reached skill level 8 in Throwing
  2174 | D:4      | Reached XP level 7. HP: 36/67 MP: 6/6
  2842 | D:5      | Entered Level 5 of the Dungeon
  3056 | D:5      | Reached skill level 9 in Throwing
  3174 | D:5      | Found a staircase to the Ecumenical Temple.
  3183 | Temple   | Entered the Ecumenical Temple
  3234 | Temple   | Became a worshipper of Warmaster Okawaru
  3810 | D:5      | Reached XP level 8. HP: 64/75 MP: 7/7
  4042 | D:5      | Found a deep blue altar of Sif Muna.
  4328 | D:3      | Found an iron altar of Okawaru.
  4554 | D:3      | Found a basalt altar of Yredelemnul.
  4849 | D:2      | Reached skill level 10 in Throwing
  5130 | D:2      | Noticed Terence
  5158 | D:2      | Killed Terence
  5472 | D:2      | Found a runed door.
  5699 | D:2      | Noticed Crazy Yiuf
  5704 | D:2      | Killed Crazy Yiuf
  6705 | D:6      | Reached skill level 5 in Fighting
  6826 | D:6      | Reached * piety under Okawaru
  7001 | D:6      | Reached XP level 9. HP: 89/89 MP: 8/8
  7024 | D:6      | Reached skill level 11 in Throwing
  7098 | D:6      | Noticed Amnesiac's ghost (novice OgHu)
  7180 | D:6      | Found a radiant altar of Vehumet.
  7253 | D:6      | Found a glowing drain.
  7264 | Sewer    | Entered a sewer
  7964 | D:6      | Found a hide-covered altar of Uskayaw.
  7981 | D:6      | Killed Amnesiac's ghost
  7981 | D:6      | Reached ** piety under Okawaru
  7981 | D:6      | Reached skill level 12 in Throwing
  8738 | D:7      | Reached skill level 13 in Throwing
  8911 | D:7      | Reached XP level 10. HP: 89/98 MP: 9/9
  9049 | D:8      | Reached *** piety under Okawaru
  9700 | D:8      | Reached skill level 14 in Throwing
  9749 | D:8      | Found a snail-covered altar of Cheibriados.
  9954 | D:8      | HP: 5/100 [poisoned by a killer bee]
  9956 | D:8      | Received a gift from Okawaru
  9995 | D:8      | HP: 5/100 [killer bee (1)]
 10001 | D:8      | HP: 5/100 [poisoned by a killer bee]
 10002 | D:8      | Slain by a killer bee

Vault maps used:
D:1:      evilmike_arrival_hilbert_curve
D:2:      st_stairs_10, uniq_crazy_yiuf_cottage, uniq_terence
D:3:      yredelemnul_forgotten_temple_becter, old_standard_altar, hex_tiny,
          okawaru_ov_weapons_minmay
D:5:      lemuel_blue_sif_altar, first_bread
D:6:      kennysheep_little_box, old_standard_altar, portal_sewer_entry_b
D:8:      wad_woods_minihive, cheibrodos_worm_habitat
Temple:   nicolae_temple_figure_eight
Sewer:    sewer_frog_island_02

Skill      XL: |  1  2  3  4  5  6  7  8  9 10 |
---------------+-------------------------------+-----
Fighting       | 3 6 |  6.9
Throwing       | 6 7 8 9 10 13 14 | 14.0
Dodging        | |  1.7
Stealth        | |  0.7

Action                   |  1- 3 |  4- 6 |  7- 9 | 10-12 || total
-------------------------+-------+-------+-------+-------++-------
Melee: Short sword       |    61 |    68 |    45 |       ||   174
       Dagger            |       |       |    67 |    82 ||   149
       Quarterstaff      |       |       |   229 |       ||   229
Throw: Stone             |    34 |     8 |   472 |    39 ||   553
       Large rock        |     3 |    14 |    28 |     6 ||    51
       Throwing net      |       |     1 |     2 |       ||     3
       Tomahawk          |       |       |    13 |       ||    13
Invok: Heroism           |       |       |       |     2 ||     2
Evoke: Wand              |       |       |       |     8 ||     8
  Use: Scroll            |       |     1 |     4 |     9 ||    14
       Potion            |       |       |       |    11 ||    11
 Stab: Sleeping          |     1 |       |     1 |       ||     2
       Held in net/web   |       |       |     1 |       ||     1
  Eat: Chunk             |     1 |     8 |    21 |     2 ||    32
       Fruit             |       |       |       |     1 ||     1
Armor: Robe              |    13 |    16 |   192 |    36 ||   257
Dodge: Dodged            |    31 |    38 |   347 |   156 ||   572
